[Event "Team 45 45 League T35"]
[Site "Internet Chess Club"]
[Date "2007.10.19"]
[Round "1"]
[White "IronWill"]
[Black "twinders"]
[Result "0-1"]
[WhiteElo "1527"]
[BlackElo "1618"]
[Opening "Dunst (Sleipner, Heinrichsen) opening"]
[ECO "A00"]
[Time "01:28:02"]
[TimeControl "2700+45"]

1. Nc3 Nf6 2. e3 e6 3. Nf3 Bb4 4. Bc4 O-O 5. O-O d5 6. Bb3 Nbd7 7. Ne2 b6 8. c3
Bd6 9. d4 Ba6 10. Re1 c5 11. dxc5 Nxc5 12. Bc2 Qc7 13. Ned4 Nce4 14. Bd3 Bxd3
15. Qxd3 Ng4 16. Re2 Bxh2+ 17. Kf1 Bd6 18. g3 Bxg3 19. Nb5 Qb8 20. fxg3 Nxg3+
21. Kg2 Ne4 22. Kf1 Qg3 23. Nbd4 Qh3+ 24. Kg1 Ne5 25. Nxe5 Qg3+ 26. Rg2 Qxe5 27.
Bd2 Rac8 28. Nf3 Qh5 29. Rf1 h6 30. Be1 Rc4 31. Nd2 Nxd2 32. Qxd2 Rg4 33. Bg3
Qh3 34. Rf3 f5 35. Qf2 Qh5 36. Be5 Rxg2+ 37. Qxg2 g5 38. Rh3 Qg6 39. Bf4 Rf7 40.
Rg3 Rg7 41. Be5 Rh7 42. Bf4 Rg7 43. Be5 Rh7 44. c4 Rd7 45. Bf4 Kf7 46. Qd2 Qf6
47. Bb8 Ke8 48. Qb4 d4 49. Qb5 Ke7 50. Be5 Qg6 51. exd4 Qh5 52. Qb4+ Kf7 53. Qa4
Rb7 54. Qb3 Qe2 55. c5 Qe1+ 56. Kh2 Qe2+ 57. Kh1 Qe4+ 58. Rf3 bxc5 59. Qc3 cxd4
60. Bxd4 g4 {White resigns} 0-1

[Event "Team 45 45 League T35"]
[Site "Internet Chess Club"]
[Date "2007.10.22"]
[Round "1"]
[White "strudel"]
[Black "Russ"]
[Result "1/2-1/2"]
[WhiteElo "1454"]
[BlackElo "1240"]
[Opening "Sicilian: Najdorf, 6...e6"]
[ECO "B95"]
[Time "10:04:46"]
[TimeControl "2700+45"]

1. e4 c5 2. Nf3 d6 3. d4 cxd4 4. Nxd4 Nf6 5. Nc3 a6 6. Bg5 e6 7. Be2 Be7 8. Qd3
Qc7 9. Qg3 Nbd7 10. O-O b5 11. a3 Nc5 12. f3 Bb7 13. Kh1 Rc8 14. Nd1 Qb6 15. Be3
Rg8 16. Nf2 Na4 17. Rab1 e5 18. Nf5 Qd8 19. Rfc1 Kf8 20. Nxe7 Kxe7 21. Ng4 Qf8
22. Bg5 h6 23. Bxf6+ gxf6 24. Qh4 Rg6 25. Bd3 Qh8 26. Rf1 Nc5 27. Rbc1 h5 28.
Ne3 Kd7 29. Nd5 Bxd5 30. exd5 Nxd3 31. cxd3 Rc5 {Game drawn by mutual agreement}
1/2-1/2

[Event "Team 45 45 League T35"]
[Site "Internet Chess Club"]
[Date "2007.10.22"]
[Round "1"]
[White "Fysh"]
[Black "OnFire"]
[Result "0-1"]
[WhiteElo "1784"]
[BlackElo "1754"]
[Opening "QGD: Lasker defense, main line"]
[ECO "D57"]
[Time "15:03:29"]
[TimeControl "2700+45"]

1. d4 d5 2. c4 e6 3. Nf3 Nf6 4. Nc3 Be7 5. Bg5 h6 6. Bh4 O-O 7. e3 Ne4 8. Bxe7
Qxe7 9. cxd5 Nxc3 10. bxc3 exd5 11. Qb3 Rd8 12. Be2 Nc6 13. O-O Rb8 14. Nd2 Bf5
15. Bf3 Na5 16. Qb5 b6 17. Bxd5 a6 18. Bxf7+ Qxf7 19. Qxa6 Qg6 20. Rfe1 Bd3 21.
c4 Qe6 22. Rac1 Qe7 23. Qb5 Qa3 24. Red1 Be2 25. Re1 c5 26. d5 Rxd5 27. Nb1 Qxa2
28. Qxa5 bxa5 29. cxd5 Bd3 30. Nc3 Qb3 31. Red1 Bc2 32. Rd2 Qxc3 33. Rdxc2 Qxc2
{White resigns} 0-1

[Event "Team 45 45 League T35"]
[Site "Internet Chess Club"]
[Date "2007.10.22"]
[Round "1"]
[White "Mitch99"]
[Black "Cataclysm"]
[Result "0-1"]
[WhiteElo "1342"]
[BlackElo "1267"]
[Opening "French: exchange variation"]
[ECO "C01"]
[Time "16:02:10"]
[TimeControl "2700+45"]

1. e4 e6 2. d4 d5 3. exd5 exd5 4. Bd3 Nf6 5. Nf3 Bd6 6. O-O Bg4 7. Bg5 Nbd7 8.
Nbd2 O-O 9. c4 c6 10. cxd5 cxd5 11. Re1 Qb6 12. Nb3 Rac8 13. h3 Bh5 14. Bf5 Rc7
15. Qd3 Bg6 16. Bxg6 fxg6 17. Re6 Bh2+ 18. Kxh2 Qxe6 19. Re1 Ne4 20. Ng1 Qd6+
21. f4 Rxf4 22. Bxf4 Qxf4+ 23. g3 Qf2+ 24. Kh1 {White resigns} 0-1

[Event "Team 45 45 League T35"]
[Site "Internet Chess Club"]
[Date "2007.10.20"]
[Round "1"]
[White "LoseOften"]
[Black "AVEMARIA"]
[Result "1-0"]
[WhiteElo "1779"]
[BlackElo "1810"]
[Opening "Sicilian, Szén (`anti-Taimanov') variation"]
[ECO "B44"]
[Time "13:31:01"]
[TimeControl "2700+45"]

1. e4 c5 2. Nf3 e6 3. d4 cxd4 4. Nxd4 Nc6 5. Nb5 d6 6. Bf4 e5 7. Be3 a6 8. N5c3
Nf6 9. Bg5 Be7 10. Bxf6 Bxf6 11. Nd5 Bg5 12. Be2 Be6 13. Nbc3 O-O 14. Bg4 Nd4
15. h3 Rc8 16. f4 exf4 17. Qxd4 Bh4+ 18. Kd2 Qg5 19. Bf3 f5 20. Rad1 Rxc3 21.
Nxc3 fxe4 22. Qxe4 Bf7 23. Kc1 Re8 24. Qxb7 Qe5 25. Bd5 Bxd5 26. Qxd5+ {Black
resigns} 1-0

[Event "Team 45 45 League T35"]
[Site "Internet Chess Club"]
[Date "2007.10.19"]
[Round "1"]
[White "cityprosecutor"]
[Black "hansolo1000"]
[Result "0-1"]
[WhiteElo "1783"]
[BlackElo "1769"]
[Opening "Sicilian defense"]
[ECO "B20"]
[Time "23:44:49"]
[TimeControl "2700+45"]

1. e4 c5 2. d3 g6 3. g3 Bg7 4. Bg2 Nc6 5. Nf3 d6 6. Nbd2 Nf6 7. a4 O-O 8. O-O e5
9. Nc4 Ne8 10. h3 h6 11. Re1 Kh7 12. c3 f5 13. exf5 gxf5 14. Qc2 Nf6 15. Nh4 Be6
16. Ne3 Qd7 17. d4 e4 18. dxc5 d5 19. Rd1 Ne5 20. b4 Nh5 21. Qe2 Qf7 22. Nxd5
Bxd5 23. Rxd5 Nxg3 24. fxg3 Qxd5 25. Nxf5 Nf3+ 26. Kh1 Qxf5 27. Bb2 Rad8 28. Rb1
Rd2 29. Qf1 Be5 30. b5 Qxh3+ {White resigns} 0-1

[Event "Team 45 45 League T35"]
[Site "Internet Chess Club"]
[Date "2007.10.21"]
[Round "1"]
[White "burnsja2003"]
[Black "Duguesclin"]
[Result "1-0"]
[WhiteElo "1684"]
[BlackElo "1640"]
[Opening "Neo-Indian (Seirawan) attack"]
[ECO "E00"]
[Time "12:32:47"]
[TimeControl "2700+45"]

1. d4 e6 2. c4 Nf6 3. Bg5 Be7 4. Nf3 h6 5. Bxf6 Bxf6 6. e3 O-O 7. Bd3 b6 8. O-O
Bb7 9. e4 c5 10. e5 Be7 11. dxc5 Bxc5 12. Bc2 Qc7 13. Qd3 g6 14. Nbd2 Nc6 15.
Qe2 Bd4 16. Rab1 Bxe5 17. Nxe5 Nxe5 18. b3 d5 19. Rfe1 Nd7 20. Qe3 Kh7 21. Rbc1
dxc4 22. Nxc4 Qc5 23. Qg3 Qe7 24. Nd6 Bd5 25. Nb5 Nf6 26. Nc3 Rac8 27. Qe5 Rc5
28. b4 Rcc8 29. Nxd5 Nxd5 30. Qxd5 Qxb4 31. Qb3 Qf4 32. g3 Qf6 33. Qe3 Rfd8 34.
Bb3 Kg7 35. Rxc8 Rxc8 36. Qe5 a5 37. Qxf6+ Kxf6 38. Re4 g5 39. Rc4 Rxc4 40. Bxc4
g4 41. Bb5 Ke5 42. a4 f5 43. Kf1 Ke4 44. Ke2 h5 45. Bc6+ Ke5 46. f3 f4 47. fxg4
hxg4 48. gxf4+ Kxf4 49. Kf2 e5 50. Ke2 e4 51. Kf2 Kf5 52. Ke3 Ke5 53. Bd7 Kd5
54. Bxg4 Kc5 55. Kxe4 b5 56. axb5 Kxb5 57. Kf5 a4 58. Kf6 a3 59. Be6 Kc6 60. h4
Kc7 61. h5 Kd8 62. Kg7 Ke7 63. Ba2 {Black resigns} 1-0

[Event "Team 45 45 League T35"]
[Site "Internet Chess Club"]
[Date "2007.10.23"]
[Round "1"]
[White "morgado"]
[Black "Qualm"]
[Result "0-1"]
[WhiteElo "1996"]
[BlackElo "1739"]
[Opening "Queen's pawn: stonewall attack"]
[ECO "D00"]
[Time "08:23:32"]
[TimeControl "2700+45"]

1. d4 d5 2. e3 Nf6 3. Bd3 c5 4. c3 Nc6 5. f4 Bg4 6. Nf3 e6 7. Nbd2 Bd6 8. O-O
O-O 9. Qe1 cxd4 10. exd4 Bxf4 11. Qh4 Be3+ 12. Kh1 Bf5 13. Bxf5 exf5 14. Re1 Ng4
15. h3 Qxh4 16. Nxh4 Bf2 17. Re2 Bxh4 18. hxg4 fxg4 19. Nf1 Rfe8 20. Be3 Re4 21.
g3 Bg5 22. Kg2 Rae8 23. Kf2 Bxe3+ 24. Nxe3 R8e6 25. Rae1 Rf6+ 26. Kg2 Rfe6 27.
Kf2 Ne7 28. c4 Rf6+ 29. Kg2 Rfe6 30. Kf2 Rxd4 31. cxd5 Nxd5 32. Nf5 Rd3 33. Rxe6
fxe6 34. Rxe6 Rf3+ {White resigns} 0-1

[Event "Team 45 45 League T35"]
[Site "Internet Chess Club"]
[Date "2007.10.20"]
[Round "1"]
[White "Kittle"]
[Black "Obi-Wan"]
[Result "0-1"]
[WhiteElo "1729"]
[BlackElo "1904"]
[Opening "Philidor: Improved Hanham variation"]
[ECO "B07"]
[Time "09:02:44"]
[TimeControl "2700+45"]

1. e4 d6 2. d4 Nf6 3. Nc3 Nbd7 4. Nf3 e5 5. Bc4 exd4 6. Nxd4 Be7 7. O-O c6 8.
Be3 O-O 9. Bb3 Nc5 10. f3 a5 11. a3 Nxb3 12. Nxb3 Qc7 13. Qd2 Re8 14. Rad1 a4
15. Nc1 d5 16. exd5 Bd6 17. h3 Nxd5 18. Nxd5 cxd5 19. Kh1 Be6 20. Nd3 Qc6 21.
Rfe1 Bg3 22. Bf2 Bc7 23. Nb4 Qd6 24. Bg1 Red8 25. Qe3 b5 26. Rd2 Rac8 27. Red1
Rd7 28. c3 Rcd8 29. Qc5 Qg3 30. Qf2 Qd6 31. Nxd5 Bxd5 32. Rxd5 Qxd5 33. Rxd5
Rxd5 34. Qa7 Bg3 35. Bd4 Re8 36. Qb7 Re1+ 37. Bg1 Rxg1+ {White resigns} 0-1

[Event "Team 45 45 League T35"]
[Site "Internet Chess Club"]
[Date "2007.10.21"]
[Round "1"]
[White "crankn8tr"]
[Black "knightc9mate"]
[Result "0-1"]
[WhiteElo "1657"]
[BlackElo "1897"]
[Opening "Sicilian: Kan, 5.Nc3"]
[ECO "B43"]
[Time "12:19:30"]
[TimeControl "2700+45"]

1. e4 c5 2. Nf3 e6 3. d4 cxd4 4. Nxd4 a6 5. Nc3 Qc7 6. Be3 Bb4 7. Qd3 Nf6 8. f3
d5 9. Bd2 O-O 10. a3 dxe4 11. Nxe4 Bxd2+ 12. Nxd2 Rd8 13. Qc3 Qxc3 14. bxc3 Nd5
15. Ne4 Nxc3 16. Nxc3 Rxd4 17. Rd1 Rxd1+ 18. Kxd1 Bd7 19. Bc4 b5 20. Bb3 Nc6 21.
Ne4 Nd4 22. Kc1 Rc8 23. Kb2 Nxb3 24. cxb3 Kf8 25. Rd1 Ke7 26. b4 Rc7 27. Nc5 Bc8
28. Rd4 h5 29. Kc3 a5 30. Kd3 axb4 31. axb4 e5 32. Rh4 g6 33. g4 hxg4 34. fxg4
Rc6 35. g5 Rd6+ 36. Ke2 Bf5 37. Rh8 Rd4 38. Nb3 Rxb4 {White resigns} 0-1

[Event "Team 45 45 League T35"]
[Site "Internet Chess Club"]
[Date "2007.10.19"]
[Round "1"]
[White "qs16"]
[Black "kabindra"]
[Result "0-1"]
[WhiteElo "1857"]
[BlackElo "1813"]
[Opening "Queen's pawn, Mason variation"]
[ECO "D00"]
[Time "17:07:07"]
[TimeControl "2700+45"]

1. d4 d5 2. Bf4 Bf5 3. Nd2 Nf6 4. e3 e6 5. Ngf3 h6 6. Bd3 Ne4 7. Ne5 Nd7 8. Nxe4
dxe4 9. Bb5 c6 10. Bc4 Nxe5 11. Bxe5 Qg5 12. Bg3 Be7 13. O-O O-O 14. c3 Rad8 15.
Qb3 b5 16. Be2 Bd6 17. c4 Bxg3 18. fxg3 a6 19. Rac1 Rb8 20. Rf4 bxc4 21. Qxc4
Rxb2 22. Qxa6 Qe7 23. a4 Qa3 24. Kf2 Rxe2+ 25. Kxe2 Qxc1 26. h3 Rb8 {White
resigns} 0-1

[Event "Team 45 45 League T35"]
[Site "Internet Chess Club"]
[Date "2007.10.18"]
[Round "1"]
[White "tammany"]
[Black "reijo"]
[Result "1-0"]
[WhiteElo "1768"]
[BlackElo "1564"]
[Opening "QGD semi-Slav"]
[ECO "D43"]
[Time "09:58:22"]
[TimeControl "2700+45"]

1. d4 d5 2. c4 c6 3. Nf3 Nf6 4. Nc3 e6 5. Bg5 h6 6. Bh4 dxc4 7. e4 g5 8. Nxg5
hxg5 9. Bxg5 b5 10. e5 Be7 11. Bxf6 Bxf6 12. exf6 Qxf6 13. g3 Bb7 14. Bg2 Nd7
15. Nxb5 cxb5 16. Bxb7 Rb8 17. Bg2 Nb6 18. O-O Rd8 19. d5 Nxd5 20. Qe2 Ke7 21.
a4 a6 22. axb5 axb5 23. Rfd1 Nb4 24. Ra7+ Kf8 25. Rxd8+ Qxd8 26. Ra8 Qxa8 27.
Bxa8 Nd3 {Black resigns} 1-0

[Event "Team 45 45 League T35"]
[Site "Internet Chess Club"]
[Date "2007.10.19"]
[Round "1"]
[White "shakkimestari"]
[Black "RedAttack"]
[Result "1/2-1/2"]
[WhiteElo "1929"]
[BlackElo "1943"]
[Opening "Sicilian: closed"]
[ECO "B23"]
[Time "11:06:42"]
[TimeControl "2700+45"]

1. e4 c5 2. Nc3 e6 3. f4 Nc6 4. Nf3 d5 5. e5 a6 6. d3 Nge7 7. Be2 Qb6 8. Bd2 Nf5
9. Na4 Qa7 10. b3 b5 11. Nb2 Be7 12. c4 d4 13. cxb5 axb5 14. a4 b4 15. Nc4 Na5
16. Nxa5 Qxa5 17. O-O Bb7 18. Ne1 Qc7 19. Bf3 Nh4 20. Rc1 Nxf3+ 21. Nxf3 Qb6 22.
Qe1 Bd5 23. Rb1 Qb7 24. Qg3 Kd7 25. Bc1 Rag8 26. Ng5 f6 27. Nf7 g5 28. Nxh8 Rxh8
29. exf6 Bxf6 30. fxg5 Be7 31. Rf2 Rg8 32. Qh4 Qa8 33. Qxh7 Rh8 34. Qg6 Bd6 35.
g3 Bxg3 36. Rf7+ Kc6 37. hxg3 Rh1+ 38. Kf2 Qh8 39. Rc7+ Kxc7 40. Bf4+ Kc6 41.
Rxh1 Qxh1 42. Qe8+ Kb6 43. Qb5+ Ka7 44. Qxc5+ Kb7 45. Qc7+ Ka6 46. Qc8+ Bb7
{Game drawn by mutual agreement} 1/2-1/2

[Event "Team 45 45 League T35"]
[Site "Internet Chess Club"]
[Date "2007.10.21"]
[Round "1"]
[White "crisgrossi"]
[Black "alastorx"]
[Result "1-0"]
[WhiteElo "1608"]
[BlackElo "1817"]
[Opening "Scandinavian (center counter) defense"]
[ECO "B01"]
[Time "10:59:32"]
[TimeControl "2700+45"]

1. e4 d5 2. exd5 Qxd5 3. Nc3 Qa5 4. d4 Nf6 5. Bd2 Qb6 6. Rb1 Qxd4 7. Nb5 Qb6 8.
Be3 Qc6 9. Nf3 Bg4 10. Nbd4 Qd7 11. Be2 Nc6 12. Nxc6 Qxc6 13. O-O Rd8 14. Qc1 a6
15. b4 b5 16. a4 Qb7 17. c4 c6 18. cxb5 axb5 19. axb5 cxb5 20. Ra1 e6 21. Ra7
Qb8 22. Qc6+ Nd7 23. Bxb5 Bxf3 24. gxf3 Qc8 25. Qxc8 {Black resigns} 1-0

[Event "Team 45 45 League T35"]
[Site "Internet Chess Club"]
[Date "2007.10.20"]
[Round "1"]
[White "NFK"]
[Black "joshua9"]
[Result "1/2-1/2"]
[WhiteElo "1561"]
[BlackElo "1712"]
[Opening "Petrov: modern attack, main line"]
[ECO "C43"]
[Time "08:54:13"]
[TimeControl "2700+45"]

1. e4 e5 2. Nf3 Nf6 3. d4 exd4 4. e5 Ne4 5. Qxd4 d5 6. exd6 Nxd6 7. Nc3 Nc6 8.
Bb5 Bd7 9. Bxc6 Bxc6 10. Be3 f6 11. O-O-O Be7 12. Qg4 O-O 13. h4 Bd7 14. Qh5 Be6
15. Ng5 fxg5 16. hxg5 Bf5 17. g4 Bg6 18. Qh4 Rf3 19. Nd5 Rxe3 20. Nxe3 Bxg5 21.
Qh3 Qe7 22. Kb1 Qe4 23. Nf5 Nxf5 24. gxf5 Qxf5 25. Qb3+ Bf7 26. Qxb7 Qc8 27. Qc6
Rb8 28. f4 Bf6 29. b3 Rb6 30. Qe4 Bg6 31. Qc4+ Bf7 32. Qe4 Bg6 33. Qc4+ Kh8 34.
Rdg1 Qe8 35. Qxc7 Bxc2+ 36. Qxc2 h6 37. Rc1 Re6 38. Qf5 Kg8 39. Qd5 Kf8 40. Rhd1
Re2 41. Rc2 Rxc2 42. Kxc2 Qc8+ 43. Kb1 Qc3 44. Qa8+ Kf7 45. Rd7+ Kg6 46. Qe4+
Kh5 47. Rd5+ g5 48. Qe2+ Kg6 49. f5+ Kh7 50. Rd7+ Bg7 51. Rxg7+ Qxg7 52. Qe6 g4
53. f6 Qg6+ 54. Kb2 Qg8 55. f7 Qg7+ 56. Ka3 Qf8+ 57. Ka4 Kg7 58. Qxg4+ Kxf7 59.
Qc4+ Kg6 60. Qg4+ Kf7 61. Qc4+ Kg6 62. Qg4+ Kf7 63. Qc4+ Kg6 {Game drawn by
repetition} 1/2-1/2

[Event "Team 45 45 League T35"]
[Site "Internet Chess Club"]
[Date "2007.10.20"]
[Round "1"]
[White "Shereshevsky"]
[Black "Egmont"]
[Result "1-0"]
[WhiteElo "1477"]
[BlackElo "1715"]
[Opening "Dutch"]
[ECO "A80"]
[Time "15:05:57"]
[TimeControl "2700+45"]

1. d4 f5 2. Nf3 Nf6 3. Bg5 g6 4. Bxf6 exf6 5. e3 Bg7 6. g3 O-O 7. Bg2 d5 8. O-O
Na6 9. c3 c6 10. Nbd2 Nc7 11. Rc1 Be6 12. Ne1 Ne8 13. c4 dxc4 14. Nxc4 Bd5 15.
Bxd5+ Qxd5 16. Qb3 Rb8 17. Nd3 Kh8 18. Nb4 Qd7 19. Na6 Qd8 20. Nxb8 Qxb8 21.
Rfd1 Nc7 22. Na5 Nb5 23. d5 Qc7 24. Nxc6 bxc6 25. Qxb5 Qxg3+ 26. hxg3 cxb5 27.
d6 Rd8 28. d7 Bf8 29. Rc8 Be7 30. Rxd8+ Bxd8 31. Rc1 {Black resigns} 1-0

[Event "Team 45 45 League T35"]
[Site "Internet Chess Club"]
[Date "2007.10.18"]
[Round "1"]
[White "Raisingthebar"]
[Black "HocusPocus"]
[Result "1/2-1/2"]
[WhiteElo "2096"]
[BlackElo "2101"]
[Opening "QGD Slav: 4.e3"]
[ECO "D11"]
[Time "10:36:32"]
[TimeControl "2700+45"]

1. Nf3 Nf6 2. d4 d5 3. c4 c6 4. e3 g6 5. Nc3 Bg7 6. cxd5 Nxd5 7. e4 Nxc3 8. bxc3
c5 9. Be3 O-O 10. Be2 Qa5 11. Bd2 Qd8 12. Be3 Qa5 13. Bd2 {Game drawn by mutual
agreement} 1/2-1/2

[Event "Team 45 45 League T35"]
[Site "Internet Chess Club"]
[Date "2007.10.21"]
[Round "1"]
[White "MiroslavR"]
[Black "Thor5581"]
[Result "1/2-1/2"]
[WhiteElo "1950"]
[BlackElo "2029"]
[Opening "Sicilian: closed"]
[ECO "B23"]
[Time "13:37:12"]
[TimeControl "2700+45"]

1. e4 c5 2. Nc3 g6 3. f4 Bg7 4. Nf3 Nc6 5. Bb5 Nd4 6. O-O e6 7. d3 Ne7 8. Nxd4
Bxd4+ 9. Kh1 Bxc3 10. bxc3 Qa5 11. Bc4 b5 12. Bb3 c4 13. dxc4 bxc4 14. Qd4 e5
15. Qxc4 O-O 16. Qb4 Qxb4 17. cxb4 Nc6 18. Bd5 Rb8 19. c3 a5 20. a3 Ba6 21. Rf2
Ne7 22. fxe5 Nxd5 23. exd5 Bc4 24. Bf4 Rb5 25. d6 a4 26. Rd1 Rc8 27. Rd4 Kg7 28.
Bg3 Rd5 29. Rfd2 Rxd4 30. Rxd4 Be6 31. Be1 f6 32. exf6+ Kxf6 33. Kg1 Rc4 34.
Rxc4 Bxc4 35. Bg3 Kf5 36. Kf2 Ke4 37. h4 h5 38. Ke1 Kd3 39. Be5 Bb5 40. Kf2 Ke4
41. Bd4 Bc4 42. Kg3 Bb5 43. Kf2 Bc4 44. Ke1 Kd3 45. g3 Bb5 46. Kf2 Ke4 47. Ke1
Kd3 48. Kd1 Bc4 49. Ke1 Bb5 {Game drawn by repetition} 1/2-1/2

[Event "Team 45 45 League T35"]
[Site "Internet Chess Club"]
[Date "2007.10.21"]
[Round "1"]
[White "kolibandi"]
[Black "jonesey"]
[Result "1-0"]
[WhiteElo "2055"]
[BlackElo "2012"]
[Opening "Scotch: Mieses variation"]
[ECO "C45"]
[Time "14:02:31"]
[TimeControl "2700+45"]

1. e4 e5 2. Nf3 Nc6 3. d4 exd4 4. Nxd4 Nf6 5. Nxc6 bxc6 6. e5 Qe7 7. Qe2 Nd5 8.
c4 Ba6 9. b3 g5 10. h4 Bg7 11. Bb2 Nf4 12. Qe3 O-O-O 13. hxg5 Qxg5 14. g3 Ne6
15. f4 Qe7 16. Qxa7 Bb7 17. Nd2 c5 18. Rh2 Nd4 19. O-O-O Nc6 20. Qa3 Nb4 21. Bc3
h5 22. Bxb4 cxb4 23. Qa5 f6 24. Bg2 fxe5 25. Bxb7+ Kxb7 26. Ne4 Rh6 27. Nc5+ Kb8
28. Qxb4+ {Black resigns} 1-0

[Event "Team 45 45 League T35 u"]
[Site "Internet Chess Club"]
[Date "2007.10.22"]
[Round "1"]
[White "JimGrange"]
[Black "vvsi"]
[Result "1/2-1/2"]
[WhiteElo "1869"]
[BlackElo "1777"]
[Opening "Kevitz-Trajkovich defense"]
[ECO "A50"]
[Time "08:53:33"]
[TimeControl "2700+45"]

1. d4 Nf6 2. c4 Nc6 3. Nf3 e6 4. g3 Bb4+ 5. Bd2 Qe7 6. Bg2 Bxd2+ 7. Nbxd2 d6 8.
e4 e5 9. d5 Nb8 10. b4 O-O 11. O-O c6 12. Qe2 a5 13. a3 Bd7 14. Rfc1 b6 15. Ne1
c5 16. Nd3 Bg4 17. Bf3 Bh3 18. Bg2 Bg4 19. Qf1 Ne8 20. Bh3 f5 21. exf5 Bxf5 22.
Bxf5 Rxf5 23. Qe2 Nd7 24. b5 Rf7 25. Re1 Nef6 26. f4 Re8 27. fxe5 Nxe5 28. Nxe5
Qxe5 29. Qxe5 Rxe5 30. Nf3 Rxe1+ 31. Rxe1 Ne4 32. Rxe4 Rxf3 33. Re6 Rf6 34. Rxf6
gxf6 35. Kf2 f5 36. Kf3 Kg7 37. Kf4 Kf6 38. h3 h5 {Game drawn by mutual
agreement} 1/2-1/2

[Event "Team 45 45 League T35"]
[Site "Internet Chess Club"]
[Date "2007.10.21"]
[Round "1"]
[White "MrPetrov"]
[Black "fishhead"]
[Result "1-0"]
[WhiteElo "2186"]
[BlackElo "1894"]
[Opening "King's Indian: 6.Be2"]
[ECO "E95"]
[Time "14:31:09"]
[TimeControl "2700+45"]

1. c4 Nf6 2. Nc3 g6 3. e4 d6 4. d4 Bg7 5. Be2 O-O 6. Nf3 Nbd7 7. O-O c6 8. Re1
e5 9. Bf1 Qc7 10. h3 Re8 11. d5 c5 12. Rb1 b6 13. Kh2 Nf8 14. g3 h6 15. Be3 a6
16. Qd2 Kh7 17. Bg2 Bd7 18. Nh4 b5 19. b3 Ng8 20. Qd3 b4 21. Ne2 Bf6 22. f4 Qd8
23. Nf3 exf4 24. gxf4 Qe7 25. Ng3 Rad8 26. e5 Bg7 27. Re2 Bc8 28. Rbe1 f6 29.
exd6 Qxd6 30. Bxc5 Qxc5 31. Rxe8 Rxe8 32. Rxe8 h5 33. f5 Nh6 34. fxg6+ Nxg6 35.
Nh4 f5 36. Nxg6 Kxg6 37. Qe2 {Black resigns} 1-0

[Event "Team 45 45 League T35"]
[Site "Internet Chess Club"]
[Date "2007.10.19"]
[Round "1"]
[White "MaunaKeaMike"]
[Black "DeepHmm"]
[Result "0-1"]
[WhiteElo "1849"]
[BlackElo "2051"]
[Opening "Réti: King's Indian attack"]
[ECO "A05"]
[Time "02:06:42"]
[TimeControl "2700+45"]

1. Nf3 Nf6 2. g3 g6 3. Bg2 Bg7 4. d3 d6 5. Nbd2 O-O 6. O-O Nc6 7. e4 e5 8. a4
Ne8 9. Ne1 f5 10. f4 Nf6 11. Nc4 Be6 12. exf5 gxf5 13. fxe5 dxe5 14. Be3 e4 15.
Bc5 Re8 16. Bh3 Qd5 17. Bf2 Rad8 18. Ne3 Qe5 19. c3 exd3 20. Nxd3 Qe4 21. Nc5
Rxd1 22. Raxd1 Qe5 23. Nxe6 Qxe6 24. Bxf5 Qb3 25. Bc2 Qxb2 26. Rb1 Qxc3 27. Rb3
Qe5 28. Rxb7 Nd4 29. Bd1 Ne4 30. Ng4 Qd5 31. Rxc7 Nxf2 32. Nxf2 Nf3+ 33. Bxf3
Qxf3 34. Rc4 Re2 35. Rc8+ Bf8 36. Rc4 Bd6 37. Rg4+ Kh8 38. Rc4 h5 39. Rc8+ Kg7
40. Rc4 Be5 41. Rb4 a5 42. Rc4 Kh7 43. Rh4 Bxg3 44. Rxh5+ Qxh5 45. hxg3 Qf3 46.
Kh2 Rxf2+ 47. Rxf2 Qxf2+ 48. Kh3 {White resigns} 0-1

[Event "Team 45 45 League T35"]
[Site "Internet Chess Club"]
[Date "2007.10.19"]
[Round "1"]
[White "Sleete"]
[Black "jazzpiano"]
[Result "1-0"]
[WhiteElo "2013"]
[BlackElo "1807"]
[Opening "Scandinavian defense"]
[ECO "B01"]
[Time "21:11:29"]
[TimeControl "2700+45"]

1. e4 d5 2. exd5 Nf6 3. Nf3 Qxd5 4. Nc3 Qh5 5. Bb5+ Bd7 6. Bxd7+ Nbxd7 7. O-O
O-O-O 8. d4 e6 9. Ng5 Qg6 10. Qd3 Qxd3 11. cxd3 Rg8 12. Nxf7 Re8 13. Bf4 Re7 14.
Ng5 h6 15. Nge4 g5 16. Bg3 Reg7 17. Nb5 Ne8 18. Rfc1 Nb6 19. Nxa7+ Kb8 20. Nb5
h5 21. Be5 Rg6 22. Rxc7 Nxc7 23. Bxc7+ Ka8 24. Bxb6 e5 25. Nc7+ Kb8 26. Nd5 exd4
27. Nef6 R8g7 28. Re1 Be7 29. Nd7+ Kc8 30. Rxe7 Rxe7 31. Nxe7+ {Black resigns}
1-0

[Event "Team 45 45 League T35"]
[Site "Internet Chess Club"]
[Date "2007.10.19"]
[Round "1"]
[White "Mater"]
[Black "mallet"]
[Result "1-0"]
[WhiteElo "1709"]
[BlackElo "1744"]
[Opening "QGD: classical variation (5.Bf4)"]
[ECO "D37"]
[Time "10:51:45"]
[TimeControl "2700+45"]

1. d4 d5 2. c4 e6 3. Nc3 Nf6 4. Nf3 Be7 5. Bf4 O-O 6. e3 c5 7. h3 cxd4 8. Nxd4
dxc4 9. Bxc4 Nbd7 10. Nf3 Nb6 11. Bd3 Bb4 12. Qc2 Nbd5 13. Rd1 Qa5 14. Be5 Qxa2
15. O-O Bxc3 16. Bxc3 Nxc3 17. Qxc3 Bd7 18. Bc4 Qa4 19. b3 Qc6 20. Ne5 Qc7 21.
Qd4 Bc6 22. Ng4 Ne4 23. Qb2 b5 24. Bd3 f5 25. Ne5 b4 26. Bxe4 Bxe4 27. Rd7 Qc3
28. Qa1 Qxb3 29. Rc1 Rfc8 30. Rxc8+ Rxc8 31. Qd4 Bd5 32. Qxa7 Qd1+ 33. Kh2 Qh5
34. Rxg7+ Kf8 35. Qe7# {Black checkmated} 1-0

[Event "Team 45 45 League T35"]
[Site "Internet Chess Club"]
[Date "2007.10.19"]
[Round "1"]
[White "hualpe"]
[Black "nardz"]
[Result "1/2-1/2"]
[WhiteElo "1833"]
[BlackElo "2202"]
[Opening "Sicilian: Najdorf, Lipnitzky attack"]
[ECO "B86"]
[Time "13:51:45"]
[TimeControl "2700+45"]

1. e4 c5 2. Nf3 d6 3. d4 cxd4 4. Nxd4 Nf6 5. Nc3 a6 6. Bc4 e6 7. Be3 b5 8. Bb3
b4 9. Na4 Nxe4 10. Qd3 Nc5 11. Nxc5 dxc5 12. Qe4 Ra7 13. Ba4+ Bd7 14. Nc6 Nxc6
15. Bxc6 Bxc6 16. Qxc6+ Qd7 17. Qb6 Qc7 18. Qxc7 Rxc7 19. O-O-O Be7 20. Rd2 O-O
21. Bf4 Rb7 22. Bd6 Ra8 23. Rhd1 Kf8 24. f4 Raa7 25. f5 exf5 26. Bxe7+ Kxe7 27.
Rd5 Rd7 28. Re1+ Kf6 29. Rxc5 Rac7 30. Ra5 Rc6 31. Rf1 g6 32. g4 Rd4 33. gxf5 g5
34. Ra4 g4 35. a3 a5 36. Rxa5 h5 37. axb4 Rxb4 38. Rd5 h4 39. Rd3 Ra6 40. Rf2
Ra1+ 41. Kd2 Rxb2 42. Ke3 Ke5 43. Rd7 Ra3+ 44. Rd3 Rxd3+ 45. Kxd3 g3 46. hxg3
hxg3 47. Rf3 g2 48. Rg3 Kxf5 49. Rxg2 Ke5 50. Re2+ Kd6 51. Kc3 Rb1 52. Kd4 f5
53. Re8 {Game drawn by mutual agreement} 1/2-1/2

[Event "Team 45 45 League T35"]
[Site "Internet Chess Club"]
[Date "2007.10.21"]
[Round "1"]
[White "mallet"]
[Black "alexcluster"]
[Result "0-1"]
[WhiteElo "1731"]
[BlackElo "1827"]
[Opening "QGD: Marshall defense"]
[ECO "A50"]
[Time "05:40:22"]
[TimeControl "2700+45"]

1. d4 Nf6 2. c4 d5 3. cxd5 Nxd5 4. e4 Nb6 5. Nf3 e6 6. Nc3 Be7 7. Be2 N8d7 8.
O-O Nf6 9. Bg5 c6 10. Rc1 O-O 11. Qc2 Re8 12. Rfd1 Bd7 13. Ne5 Rc8 14. Nc4 Nxc4
15. Bxc4 Qc7 16. Bxf6 Bxf6 17. e5 Bg5 18. Rb1 Be7 19. Rd3 Bf8 20. Rh3 g6 21. Bd3
Bg7 22. Ne4 Rcd8 23. Nf6+ Bxf6 24. exf6 Qf4 25. Rf3 Qxd4 26. Qd2 Qh4 27. g3 Qh5
28. Be2 {White resigns} 0-1

[Event "Team 45 45 League T35"]
[Site "Internet Chess Club"]
[Date "2007.10.21"]
[Round "1"]
[White "chessateer"]
[Black "Razorbackchess"]
[Result "0-1"]
[WhiteElo "1830"]
[BlackElo "1871"]
[Opening "Robatsch (modern) defense"]
[ECO "B06"]
[Time "10:01:37"]
[TimeControl "2700+45"]

1. e4 g6 2. d4 Bg7 3. Nf3 d6 4. Bc4 e6 5. O-O a6 6. a4 b6 7. Bg5 Ne7 8. Nc3 h6
9. Be3 O-O 10. Qd2 Kh7 11. Rad1 Nd7 12. h4 Nf6 13. Nh2 Bb7 14. d5 exd5 15. e5
dxe5 16. Nxd5 Nexd5 17. Bxd5 Nxd5 {White resigns} 0-1